 Dungeon Crawl Stone Soup version 0.24-a0-451-g263dff2034 (webtiles) character file.

Game seed: 8981010281786816719

350 Mrkan the Shield-Bearer (level 6, -8/49 HPs)
             Began as a Human Fighter on June 26, 2019.
             Was a Follower of Kikubaaqudgha.
             Mangled by an iguana (12 damage)
             ... on level 4 of the Dungeon.
             The game lasted 00:07:05 (2828 turns).

Mrkan the Shield-Bearer (Human Fighter)             Turns: 2828, Time: 00:07:06

Health: -8/49      AC:  6    Str: 18    XL:     6   Next: 92%
Magic:  6/6        EV:  7    Int:  9    God:    Kikubaaqudgha [*.....]
Gold:   191        SH: 11    Dex: 12    Spells: 4/5 levels left

rFire    . . .     SeeInvis .   k - +0 mace
rCold    . . .     Gourm    .   c - +1 shield
rNeg     . . .     Faith    .   b - +0 scale mail
rPois    .         Spirit   .   (no helmet)
rElec    .         Reflect  .   (no cloak)
rCorr    .         Harm     .   (no gloves)
MR       .....                  (no boots)
Stlth    ..........             (no amulet)
HPRegen  0.16/turn              (no ring)
MPRegen  0.10/turn              (no ring)

@: no status effects
A: no striking features
a: Receive Corpses, Renounce Religion


You were on level 4 of the Dungeon.
You worshipped Kikubaaqudgha.
Kikubaaqudgha was aware of your devotion.
You were not hungry.

You visited 1 branch of the dungeon, and saw 4 of its levels.

You collected 191 gold pieces.

Inventory:

Hand Weapons
 a - a +0 rapier
 k - a +0 mace (weapon)
Missiles
 g - 7 javelins (quivered)
Armour
 b - a +0 scale mail (worn)
 c - a +1 shield (worn)
 n - a +2 large shield
Jewellery
 o - a +4 ring of protection {unknown}
 u - an uncursed ring of magical power
Scrolls
 e - 3 scrolls of identify
 h - 5 scrolls of remove curse
 j - 2 scrolls of fog
 p - a scroll of teleportation
 t - 2 scrolls of enchant armour
Potions
 d - 2 potions of heal wounds
 i - 2 potions of flight {unknown}
 m - 2 potions of agility {unknown}
 s - 2 potions of berserk rage {unknown}
 v - a potion of curing {unknown}
Comestibles
 f - 3 rations
 l - 3 chunks of flesh


   Skills:
 + Level 4.4 Fighting
 - Level 2.0 Short Blades
 + Level 2.1 Maces & Flails
 - Level 3.0 Armour
 * Level 5.6 Shields
 + Level 1.2 Necromancy


You had 4 spell levels left.
You knew the following spells:

 Your Spells              Type           Power        Failure   Level  Hunger
a - Pain                  Necr           #...         95%         1    ##.....

Your spell library contained the following spells:

 Spells                   Type           Power        Failure   Level  Hunger
 Corpse Rot               Necr           N/A          98%         2    ###....
 Sublimation of Blood     Necr           #.........   98%         2    ###....
 Vampiric Draining        Necr           #.........   100%        3    ####...


Dungeon Overview and Level Annotations

Branches:
Dungeon (4/15)
 Temple: D:4-7

Altars:
Kikubaaqudgha
Ru

Annotations:
D:4 2 transporters


Message History

The iguana is severely wounded.
The shadow imp shouts, "Slither away, thou feeble fen-sucked deadneck!"
You block the iguana's attack.
You completely miss the iguana.
The iguana is severely wounded.
You block the iguana's attack.
You hit the iguana.
The iguana is almost dead.
The iguana bites you!
* * * LOW HITPOINT WARNING * * *
The shadow imp summons a swarm of flies.
The iguana bites you but does no damage.
You hit the iguana but do no damage.
The iguana is almost dead.
You block the iguana's attack.
You hit the iguana but do no damage.
The iguana is almost dead.
The iguana bites you!
You die...
Kikubaaqudgha rasps: "You have failed me!
Welcome... death!"

...# ##.........#. ..##
#.....©.....# ##
######.#########.##.
.......#8P$©$P8#.#.
######.#≈..%..P#?.####..
#.####+####.......#
#.#.≈...≈K#.#
#.#.≈...≈5#l#
#.#.≈≈≈≈≈o#@#
#.#.≈≈♣≈≈.#.#
#.#.≈≈≈≈≈.#.#
#.#5≈...≈.#.#
#.#5≈...≈.#.#
#.####+####.#
#.#P../..P#.#
#.#8P.©.P8#.#
#.#########.#


You could see a kobold demonologist, an iguana, an orc priest and a shadow imp.

Vanquished Creatures
  An ogre (D:4)
  A scorpion (D:4)
  Natasha (thrice) (D:2)
  6 adders
  2 worms
  3 dart slugs
  2 leopard geckos
  5 orcs (D:3)
  2 ball pythons
  A bat zombie (D:2)
  6 giant cockroaches
  7 goblins
  8 hobgoblins
  A quokka (D:2)
  9 bats
  6 frilled lizards
  6 kobolds
  4 rats (D:1)
  A rat zombie (D:2)
74 creatures vanquished.

Notes
Turn   | Place    | Note
-------+----------+-------------------------------------------
     0 | D:1      | Mrkan the Human Fighter began the quest for the Orb.
     0 | D:1      | Reached XP level 1. HP: 18/18 MP: 1/1
   143 | D:1      | Reached XP level 2. HP: 22/24 MP: 2/2
   605 | D:1      | Reached XP level 3. HP: 29/29 MP: 3/3
   954 | D:2      | Reached skill level 4 in Shields
   977 | D:2      | Noticed Natasha
   980 | D:2      | Killed Natasha
   980 | D:2      | Reached XP level 4. HP: 32/36 MP: 4/4
  1011 | D:2      | Found a sacrificial altar of Ru.
  1342 | D:2      | Found an ancient bone altar of Kikubaaqudgha.
  1350 | D:2      | Became a worshipper of Kikubaaqudgha
  1459 | D:2      | Noticed Natasha
  1474 | D:2      | Killed Natasha
  1474 | D:2      | Reached XP level 5. HP: 3/42 MP: 5/5
  1788 | D:2      | Noticed Natasha
  1802 | D:2      | Killed Natasha
  1802 | D:2      | Reached skill level 1 in Maces & Flails
  2134 | D:3      | Reached skill level 5 in Shields
  2433 | D:3      | Reached XP level 6. HP: 37/48 MP: 6/6
  2534 | D:3      | Reached * piety under Kikubaaqudgha
  2534 | D:3      | Identified Kikubaaqudgha's Collected Works on Necromancy
                  | (Kikubaaqudgha gifted it to you on level 3 of the Dungeon)
  2534 | D:3      | Received a gift from Kikubaaqudgha
  2558 | D:3      | Learned a level 1 spell: Pain
  2663 | D:3      | Noticed an ice beast
  2707 | D:4      | Noticed an ogre
  2721 | D:4      | Killed an ogre
  2721 | D:4      | Reached skill level 1 in Necromancy
  2744 | D:4      | Found a transporter.
  2775 | D:4      | Found a transporter.
  2788 | D:4      | Noticed a kobold demonologist
  2828 | D:4      | Mangled by an iguana

Levels and vault maps discovered:
D:1:      erik_arrival_cave_to_civilisation [erik_arrival_cave_to_temple],
          layout_basic, minmay_misc_feat_encased
D:2:      layout_basic, lemuel_zombie_altar_kikubaaqudgha,
          minmay_stone_trees_small, hangedman_ru_absence, uniq_natasha
D:3:      layout_loops_ring
D:4:      gammafunk_wand_slinger, layout_loops_ring, minmay_temple_entry_wispy,
          first_ration, minmay_puff, uniq_menkaure, uniq_blork_the_orc,
          uniq_robin

Skill      XL: |  1  2  3  4  5  6 |
---------------+-------------------+-----
Shields        | 4 5 |  5.6
Fighting       | 4 |  4.4
Maces & Flails | 1 2 |  2.1
Necromancy     | 1 |  1.2
Short Blades   | |  2.0
Armour         | |  3.0

Action                   |  1- 3 |  4- 6 || total
-------------------------+-------+-------++-------
Melee: Rapier            |    41 |       ||    41
       Mace              |    53 |   248 ||   301
  Use: Potion            |       |     4 ||     4
       Scroll            |       |    11 ||    11
  Eat: Chunk             |       |     7 ||     7
Armor: Scale mail        |    46 |   108 ||   154
Dodge: Dodged            |    27 |    78 ||   105
Block: Shield            |    61 |   129 ||   190

Table legend:
 A = Non-vault XP
 B = Vault XP
 C = Vault XP percentage of total XP
 D = Non-vault monster count
 E = Vault monster count
 F = Vault count percentage of total count
                 A         B        C        D         E       F
            +---------+---------+-------+---------+---------+-------
      Total |     458 |      42 |   8.4 |      69 |       5 |   6.8
            +---------+---------+-------+---------+---------+-------
        D:1 |      30 |       4 |  11.8 |      18 |       2 |  10.0
        D:2 |     138 |      38 |  21.6 |      25 |       3 |  10.7
        D:3 |      97 |       0 |   0.0 |      23 |       0 |   0.0
        D:4 |     193 |       0 |   0.0 |       3 |       0 |   0.0
            +---------+---------+-------+---------+---------+-------
